Sasquatch vs Staline

Created - 3 novembre 2014 at 19:22

Goals
1 2 3 T
Sasquatch 1 1 2 4
Staline 0 1 0 1
Shots
1 2 3 T
Sasquatch 14 10 14 38
Staline 10 7 9 26

1st period

1. Sasquatch , Luke Adam 4 (Jake Gardiner, Keith Yandle) at 10:40

Penalties :
T.J. Fast (StJ) for Tripping (Minor) at 10:45, Brandon Prust (StJ) for Holding (Minor) at 18:52

2nd period

2. Sasquatch , T.J. Oshie 4 (Oskar Osala, Tyler Johnson) at 0:36 (PP)
3. Staline , Brandon Prust 7 (Devin Setoguchi, Theo Peckham) at 16:47

Penalties :
T.J. Fast (StJ) for Slashing (Minor) at 2:17, Brandon Prust (StJ) for Slashing (Minor) at 5:48, Cam Janssen (StJ) for Tripping (Minor) at 12:31, Jake Gardiner (Gat) for Tripping (Minor) at 17:29

3rd period

4. Sasquatch , Cam Atkinson 9 (Stephane Da Costa) at 6:09
5. Sasquatch , Stephane Da Costa 8 (Kyle Clifford, Cam Atkinson) at 19:25

Penalties :
Brandon Prust (StJ) for Roughing (Minor) at 3:56, Brandon Prust (StJ) for Hooking (Minor) at 8:56, Greg Pateryn (StJ) for Hooking (Minor) at 17:12, Derek Stepan (Gat) for Interference (Minor) at 19:45

Goalie Stats

Jonas Gustavsson (Gat), 25 saves from 26 shots - (0,962), W, 7-2-2, 60:00 minutes
Tobias Stephan (StJ), 34 saves from 38 shots - (0,895), L, 12-3-1, 60:00 minutes

Players Stats for Sasquatch

Player Name              G  A  P  +/- PIM S  H  SB GA TA FO     MP     PP MP  PK MP  
------------------------------------------------------------------------------------
Brandon Bochenski        0  0  0   0  0   2  0  0  1  0  0/0     8:05   0:00   0:23 
Cam Atkinson             1  1  2   2  0   2  0  1  0  0  0/0    10:55   0:00   0:30 
D.J King                 0  0  0   0  0   5  0  0  1  0  1/3    23:55   8:54   1:14 
Derek Stepan             0  0  0   0  2   5  0  0  2  0  24/43  22:40   8:54   0:00 
Jake Gardiner            0  1  1   0  2   1  1  3  0  2  0/0    28:07   9:48   0:14 
Jakub Voracek            0  0  0   0  0   5  3  1  1  0  1/1    22:41   8:54   0:00 
Joe Corvo                0  0  0   2  0   0  0  1  1  0  0/0    18:33   5:49   1:25 
Keith Yandle             0  1  1   0  0   1  1  1  1  1  0/0    24:26   5:49   0:47 
Kyle Clifford            0  1  1   2  0   2  4  0  0  1  0/0    10:40   0:00   0:15 
Luke Adam                1  0  1   0  0   1  0  1  0  0  2/2     7:42   0:00   0:00 
Matt Beleskey            0  0  0   0  0   0  0  0  0  0  0/1     7:42   0:00   0:00 
Matt Niskanen            0  0  0   0  0   1  1  3  0  0  0/0    15:49   0:00   1:25 
Nick Leddy               0  0  0   0  0   0  2  2  0  2  0/0    23:49   9:48   0:35 
Oskar Osala              0  1  1   0  0   2  1  0  0  0  1/1    17:22   6:43   0:23 
Stephane Da Costa        1  1  2   2  0   7  3  0  0  1  4/5    10:54   0:00   0:29 
T.J. Oshie               1  0  1   0  0   3  0  0  1  0  0/0    16:59   6:43   0:00 
Tyler Johnson            0  1  1   0  0   1  1  0  1  2  4/11   18:11   6:43   1:12 
Yann Sauvé               0  0  0   2  0   0  0  3  0  1  0/0     9:15   0:00   0:00 

Players Stats for Staline

Player Name              G  A  P  +/- PIM S  H  SB GA TA FO     MP     PP MP  PK MP  
------------------------------------------------------------------------------------
Andrei Loktionov         0  0  0   0  0   4  1  1  0  0  7/15   13:14   0:55   0:00 
Brandon Prust            1  0  1  -1  8   3  0  0  0  0  3/5    19:04   1:12   3:01 
Cam Janssen              0  0  0  -1  2   2  2  2  0  2  2/2    18:24   0:55   4:38 
Devin Setoguchi          0  1  1   0  0   2  1  0  1  0  8/11   23:57   1:18   9:03 
Greg Pateryn             0  0  0  -1  2   0  2  0  0  1  0/0    11:15   0:00   0:00 
J.T. Wyman               0  0  0   0  0   0  1  0  1  1  0/1     9:05   0:06   0:00 
James Sheppard           0  0  0  -1  0   0  0  0  0  0  0/0     6:18   0:00   0:00 
Jared Boll               0  0  0  -1  0   0  0  0  1  0  0/0     6:18   0:00   0:00 
Mason Raymond            0  0  0   0  0   3  1  0  0  0  0/0    14:00   0:55   0:45 
Mathieu Perreault        0  0  0   0  0   1  0  0  3  0  1/4     8:41   0:00   0:00 
Nick Spaling             0  0  0   0  0   1  1  0  0  0  0/0    12:58   0:00   3:42 
Stu Bickel               0  0  0  -2  0   1  2  0  0  1  0/0    28:43   1:24   9:49 
T.J. Fast                0  0  0  -3  4   1  3  1  1  2  0/0    19:49   1:24   0:14 
Theo Peckham             0  1  1   1  0   1  0  1  1  0  0/0    21:25   0:49   5:48 
Torey Krug               0  0  0   0  0   0  0  3  1  0  0/0    19:08   0:00   9:35 
Tyler Cuma               0  0  0   0  0   3  0  3  0  1  0/0    20:09   0:49   5:48 
Yan Stastny              0  0  0   0  0   4  1  0  1  1  9/27   24:25   1:18   9:02 
Zac Rinaldo              0  0  0  -1  0   0  1  0  0  0  0/2     7:22   0:00   1:03 

3 Stars

1 - Stephane Da Costa (Gat)
2 - Cam Atkinson (Gat)
3 - Jonas Gustavsson (Gat)

Power Play

Sasquatch - 1 on 8 Attempt(s) - 12,50%
Staline - 0 on 2 Attempt(s) - 0,00%

Penalty Kill

Sasquatch - 2 on 2 Attempt(s) - 100,00% - Score 0 goal in Penalty Kill
Staline - 7 on 8 Attempt(s) - 87,50% - Score 0 goal in Penalty Kill

Official

Referees : Kozari Steve and Pochmara Brian
Linesman : Pierre Champoux and Mark Wheler

Game Notes

No Game Note

Finance

Level 1 -- Attendance: 1591 (79,55%) -- Ticket Income 55 685 $
Level 2 -- Attendance: 675 (67,50%) -- Ticket Income 10 125 $
Total Attendance: 2266 (75,53%)
Total Ticket Income: 65 810 $
Other Income: 3 290 $
Total Income: 69 100 $

Sasquatch

5 vs 5 Forward 
   Center                   Left Wing                Right Wing               Time % Phy DF OF 
 1 Derek Stepan             D.J King                 Jakub Voracek            40     1   2  2  
 2 Tyler Johnson            Oskar Osala              T.J. Oshie               30     1   2  2  
 3 Stephane Da Costa        Kyle Clifford            Cam Atkinson             20     1   2  2  
 4 Luke Adam                Matt Beleskey            Brandon Bochenski        10     1   2  2  

5 vs 5 Defense 
   Defense                  Defense                                           Time % Phy DF OF 
 1 Keith Yandle             Jake Gardiner                                     40     1   2  2  
 2 Nick Leddy               Matt Niskanen                                     30     1   2  2  
 3 Joe Corvo                Yann Sauvé                                        20     1   2  2  
 4 Jake Gardiner            Matt Niskanen                                     10     1   2  2  

PowerPlay Forward 
   Center                   Left Wing                Right Wing               Time % Phy DF OF 
 1 Derek Stepan             D.J King                 Jakub Voracek            60     1   2  2  
 2 Tyler Johnson            Oskar Osala              T.J. Oshie               40     1   2  2  

PowerPlay Defense
   Defense                  Defense                                           Time % Phy DF OF 
 1 Jake Gardiner            Nick Leddy                                        60     1   2  2  
 2 Keith Yandle             Joe Corvo                                         40     1   2  2  

Penalty Kill 4 Players Forward 
   Center                   Wing                     Time % Phy DF OF 
 1 Tyler Johnson            D.J King                 60     1   2  2  
 2 Brandon Bochenski        Oskar Osala              40     1   2  2  

Penalty Kill 4 Players Defense
   Defense                  Defense                  Time % Phy DF OF 
 1 Jake Gardiner            Joe Corvo                60     1   2  2  
 2 Keith Yandle             Matt Niskanen            40     1   2  2  

Penalty Kill - 3 Players Forward 
   Forward                                           Time % Phy DF OF 
 1 Tyler Johnson                                     60     1   2  2  
 2 Brandon Bochenski                                 40     1   2  2  

Penalty Kill - 3 Players Defense
   Defense                  Defense                  Time % Phy DF OF 
 1 Jake Gardiner            Yann Sauvé               60     1   2  2  
 2 Keith Yandle             Joe Corvo                40     1   2  2  

4 vs 4 Forward 
   Center                   Wing                     Time % Phy DF OF 
 1 Derek Stepan             Jakub Voracek            60     1   2  2  
 2 Tyler Johnson            T.J. Oshie               40     1   2  2  

4 vs 4 Defense
   Defense                  Defense                  Time % Phy DF OF 
 1 Jake Gardiner            Joe Corvo                60     1   2  2  
 2 Keith Yandle             Matt Niskanen            40     1   2  2  

Last Minutes Offensive
   Center                   Left Wing                Right Wing               Defense                  Defense                  
   Derek Stepan             D.J King                 Jakub Voracek            Jake Gardiner            Joe Corvo                

Last Minutes Defensive
   Center                   Left Wing                Right Wing               Defense                  Defense                  
   Tyler Johnson            D.J King                 Brandon Bochenski        Jake Gardiner            Joe Corvo                

Goaltenders
Starting : Jonas Gustavsson         
Backup : Anders Lindback          

Extra Forwards
Normal : Brandon Bochenski, Stephane Da Costa, Cam Atkinson - PP : Brandon Bochenski, Stephane Da Costa - PK : Cam Atkinson
Extra Defensemen
Normal : Yann Sauvé, Jake Gardiner, Keith Yandle - PP : Yann Sauvé - PK : Matt Niskanen, Joe Corvo
Penalty Shots
Cam Atkinson, Oskar Osala, T.J. Oshie, Brandon Bochenski, Jakub Voracek

Staline

5 vs 5 Forward 
   Center                   Left Wing                Right Wing               Time % Phy DF OF 
 1 Yan Stastny              Brandon Prust            Devin Setoguchi          40     1   2  2  
 2 Andrei Loktionov         Mason Raymond            Cam Janssen              30     1   2  2  
 3 Mathieu Perreault        Nick Spaling             J.T. Wyman               20     1   2  2  
 4 Zac Rinaldo              James Sheppard           Jared Boll               10     1   2  2  

5 vs 5 Defense 
   Defense                  Defense                                           Time % Phy DF OF 
 1 T.J. Fast                Stu Bickel                                        40     1   2  2  
 2 Theo Peckham             Tyler Cuma                                        30     1   2  2  
 3 Torey Krug               Greg Pateryn                                      20     1   2  2  
 4 Theo Peckham             Stu Bickel                                        10     1   2  2  

PowerPlay Forward 
   Center                   Left Wing                Right Wing               Time % Phy DF OF 
 1 Yan Stastny              Brandon Prust            Devin Setoguchi          60     1   2  2  
 2 Andrei Loktionov         Mason Raymond            Cam Janssen              40     1   2  2  

PowerPlay Defense
   Defense                  Defense                                           Time % Phy DF OF 
 1 T.J. Fast                Stu Bickel                                        60     1   2  2  
 2 Theo Peckham             Tyler Cuma                                        40     1   2  2  

Penalty Kill 4 Players Forward 
   Center                   Wing                     Time % Phy DF OF 
 1 Devin Setoguchi          Yan Stastny              60     1   2  2  
 2 Brandon Prust            Cam Janssen              40     1   2  2  

Penalty Kill 4 Players Defense
   Defense                  Defense                  Time % Phy DF OF 
 1 Torey Krug               Stu Bickel               60     1   2  2  
 2 Theo Peckham             Tyler Cuma               40     1   2  2  

Penalty Kill - 3 Players Forward 
   Forward                                           Time % Phy DF OF 
 1 Devin Setoguchi                                   60     1   2  2  
 2 Yan Stastny                                       40     1   2  2  

Penalty Kill - 3 Players Defense
   Defense                  Defense                  Time % Phy DF OF 
 1 T.J. Fast                Stu Bickel               60     1   2  2  
 2 Theo Peckham             Tyler Cuma               40     1   2  2  

4 vs 4 Forward 
   Center                   Wing                     Time % Phy DF OF 
 1 Devin Setoguchi          Yan Stastny              60     1   2  2  
 2 Brandon Prust            Cam Janssen              40     1   2  2  

4 vs 4 Defense
   Defense                  Defense                  Time % Phy DF OF 
 1 Greg Pateryn             Stu Bickel               60     1   2  2  
 2 Theo Peckham             Tyler Cuma               40     1   2  2  

Last Minutes Offensive
   Center                   Left Wing                Right Wing               Defense                  Defense                  
   Yan Stastny              Brandon Prust            Devin Setoguchi          T.J. Fast                Stu Bickel               

Last Minutes Defensive
   Center                   Left Wing                Right Wing               Defense                  Defense                  
   Yan Stastny              Brandon Prust            Devin Setoguchi          T.J. Fast                Stu Bickel               

Goaltenders
Starting : Tobias Stephan           
Backup : Martin Houle             

Extra Forwards
Normal : J.T. Wyman, Jared Boll, Nick Spaling - PP : J.T. Wyman, Jared Boll - PK : Nick Spaling
Extra Defensemen
Normal : Torey Krug, Greg Pateryn, Theo Peckham - PP : Torey Krug - PK : Greg Pateryn, Theo Peckham
Penalty Shots
Devin Setoguchi, Yan Stastny, Brandon Prust, Cam Janssen, Andrei Loktionov

% Time on Ice - Sasquatch

Lines # - Real PCT - Wanted PCT - Time Play
Normal Forward
1 - 33% - 40% - 13:47
2 - 24% - 30% - 10:16
3 - 25% - 20% - 10:25
4 - 18% - 10% - 7:42
Normal Defense
1 - 42% - 40% - 17:43
2 - 32% - 30% - 13:33
3 - 22% - 20% - 9:15
4 - 4% - 10% - 1:39
PP Forward
1 - 57% - 60% - 8:54
2 - 43% - 40% - 6:43
PP Defense
1 - 63% - 60% - 9:48
2 - 37% - 40% - 5:49
PK Forward
1 - 83% - 60% - 1:50
2 - 17% - 40% - 0:23
PK Defense
1 - 100% - 60% - 2:13
2 - 0% - 40% - 0:00
PK3 Forward
1 - 0% - 60%
2 - 0% - 40%
PK3 Defense
1 - 0% - 60%
2 - 0% - 40%
44 Forward
1 - 0% - 60%
2 - 0% - 40%
44 Defense
1 - 0% - 60%
2 - 0% - 40%
Last Minute Offensive  - 0:00
Last Minute Defensive  - 0:00
Total
Forward - 60:00
Defense - 60:00

% Time on Ice - Staline

Lines # - Real PCT - Wanted PCT - Time Play
Normal Forward
1 - 33% - 40% - 14:06
2 - 31% - 30% - 13:05
3 - 21% - 20% - 8:41
4 - 15% - 10% - 6:18
Normal Defense
1 - 43% - 40% - 18:18
2 - 30% - 30% - 12:30
3 - 21% - 20% - 8:50
4 - 6% - 10% - 2:32
PP Forward
1 - 59% - 60% - 1:18
2 - 41% - 40% - 0:55
PP Defense
1 - 63% - 60% - 1:24
2 - 37% - 40% - 0:49
PK Forward
1 - 66% - 60% - 10:23
2 - 34% - 40% - 5:14
PK Defense
1 - 63% - 60% - 9:49
2 - 37% - 40% - 5:48
PK3 Forward
1 - 0% - 60%
2 - 0% - 40%
PK3 Defense
1 - 0% - 60%
2 - 0% - 40%
44 Forward
1 - 0% - 60%
2 - 0% - 40%
44 Defense
1 - 0% - 60%
2 - 0% - 40%
Last Minute Offensive  - 0:00
Last Minute Defensive  - 0:00
Total
Forward - 60:00
Defense - 60:00

Play by Play

1st period


0:01 of 1st period - Yan Stastny wins face-off versus Derek Stepan in neutral zone.
0:04 of 1st period - Wrist shot by Devin Setoguchi.
0:04 of 1st period - Shot Blocked by Jake Gardiner.
0:26 of 1st period - Oskar Osala is hit by Cam Janssen and loses puck.
1:27 of 1st period - Wrist shot by Oskar Osala.
1:27 of 1st period - Shot Misses the Net.
1:29 of 1st period - Wrist shot by Tyler Johnson.
1:29 of 1st period - Stopped by Tobias Stephan without a rebound.
1:30 of 1st period - Stephane Da Costa wins face-off versus Yan Stastny in Staline zone.
1:41 of 1st period - Snap shot by Stephane Da Costa.
1:41 of 1st period - Shot Misses the Net.
2:20 of 1st period - Icing by Keith Yandle.
2:21 of 1st period - Yan Stastny wins face-off versus Matt Beleskey in Sasquatch zone.
2:22 of 1st period - Backhand shot by Brandon Prust.
2:22 of 1st period - Shot Blocked by Jake Gardiner.
2:58 of 1st period - Snap shot by Brandon Bochenski.
2:58 of 1st period - Shot Hit the Post.
3:00 of 1st period - Snap shot by Luke Adam.
3:00 of 1st period - Shot Hit the Post.
3:02 of 1st period - Wrist shot by Jake Gardiner.
3:02 of 1st period - Shot Blocked by Torey Krug.
4:47 of 1st period - Snap shot by Matt Beleskey.
4:47 of 1st period - Shot Misses the Net.
4:49 of 1st period - Wrist shot by Keith Yandle.
4:49 of 1st period - Stopped by Tobias Stephan without a rebound.
4:50 of 1st period - Derek Stepan wins face-off versus Andrei Loktionov in Staline zone.
4:59 of 1st period - Snap shot by Mason Raymond.
4:59 of 1st period - Shot Misses the Net.
5:01 of 1st period - Snap shot by Stu Bickel.
5:01 of 1st period - Shot Blocked by Matt Niskanen.
5:43 of 1st period - Off-side.
5:44 of 1st period - Andrei Loktionov wins face-off versus Derek Stepan in neutral zone.
6:41 of 1st period - Slapshot by J.T. Wyman.
6:41 of 1st period - Shot Blocked by Yann Sauvé.
6:43 of 1st period - Wrist shot by Theo Peckham.
6:43 of 1st period - Shot Misses the Net.
6:45 of 1st period - Slapshot by Theo Peckham.
6:45 of 1st period - Shot Misses the Net.
6:47 of 1st period - Slapshot by Mathieu Perreault.
6:47 of 1st period - Shot Blocked by Yann Sauvé.
6:49 of 1st period - Slapshot by Tyler Cuma.
6:49 of 1st period - Stopped by Jonas Gustavsson with a rebound.
6:51 of 1st period - Snap shot by Theo Peckham.
6:51 of 1st period - Stopped by Jonas Gustavsson with a rebound.
6:53 of 1st period - Slapshot by Tyler Cuma.
6:53 of 1st period - Shot Blocked by Yann Sauvé.
6:55 of 1st period - Slapshot by Tyler Cuma.
6:55 of 1st period - Stopped by Jonas Gustavsson without a rebound.
6:56 of 1st period - Andrei Loktionov wins face-off versus Derek Stepan in Sasquatch zone.
7:05 of 1st period - Snap shot by Cam Janssen.
7:05 of 1st period - Shot Blocked by Matt Niskanen.
7:07 of 1st period - Snap shot by Cam Janssen.
7:07 of 1st period - Deflect By Mason Raymond.
7:07 of 1st period - Stopped by Jonas Gustavsson with a rebound.
7:23 of 1st period - Jared Boll is hit by Stephane Da Costa and loses puck.
7:30 of 1st period - Nick Leddy is hit by Zac Rinaldo and loses puck.
8:06 of 1st period - Slapshot by Derek Stepan.
8:06 of 1st period - Stopped by Tobias Stephan without a rebound.
8:07 of 1st period - Derek Stepan wins face-off versus Zac Rinaldo in Staline zone.
8:30 of 1st period - Icing by Nick Spaling.
8:31 of 1st period - Stephane Da Costa wins face-off versus Mathieu Perreault in Staline zone.
8:32 of 1st period - Backhand shot by Cam Atkinson.
8:32 of 1st period - Shot Misses the Net.
8:34 of 1st period - Wrist shot by Kyle Clifford.
8:34 of 1st period - Stopped by Tobias Stephan without a rebound.
8:35 of 1st period - Andrei Loktionov wins face-off versus D.J King in Staline zone.
8:44 of 1st period - Wrist shot by Andrei Loktionov.
8:44 of 1st period - Stopped by Jonas Gustavsson with a rebound.
9:07 of 1st period - Snap shot by T.J. Oshie.
9:07 of 1st period - Deflect By Yan Stastny.
9:07 of 1st period - Stopped by Tobias Stephan without a rebound.
9:08 of 1st period - Tyler Johnson wins face-off versus Yan Stastny in Staline zone.
9:39 of 1st period - Slapshot by Andrei Loktionov.
9:39 of 1st period - Stopped by Jonas Gustavsson with a rebound.
9:41 of 1st period - Slapshot by Theo Peckham.
9:41 of 1st period - Shot Misses the Net.
10:38 of 1st period - Slapshot by Jake Gardiner.
10:38 of 1st period - Stopped by Tobias Stephan with a rebound.
10:40 of 1st period - Slapshot by Luke Adam.
10:40 of 1st period - Goal by Luke Adam - Sasquatch : 1 - Staline : 0.
10:41 of 1st period - Derek Stepan wins face-off versus Andrei Loktionov in neutral zone.
10:45 of 1st period - Minor Penalty to T.J. Fast for Tripping.
10:46 of 1st period - Devin Setoguchi wins face-off versus Derek Stepan in Staline zone.
10:59 of 1st period - Wrist shot by Devin Setoguchi.
10:59 of 1st period - Shot Misses the Net.
11:22 of 1st period - Icing by Joe Corvo.
11:23 of 1st period - Brandon Prust wins face-off versus Derek Stepan in Sasquatch zone.
11:26 of 1st period - Snap shot by Brandon Prust.
11:26 of 1st period - Stopped by Jonas Gustavsson without a rebound.
11:27 of 1st period - Brandon Prust wins face-off versus Derek Stepan in Sasquatch zone.
11:36 of 1st period - Tyler Cuma is hit by Nick Leddy and loses puck.
11:41 of 1st period - Wrist shot by Jakub Voracek.
11:41 of 1st period - Stopped by Tobias Stephan with a rebound.
12:45 of 1st period - Penalty to T.J. Fast is over, T.J. Fast is back on ice.
12:52 of 1st period - Wrist shot by Cam Janssen.
12:52 of 1st period - Shot Misses the Net.
13:08 of 1st period - Snap shot by D.J King.
13:08 of 1st period - Shot Misses the Net.
13:10 of 1st period - Wrist shot by Jakub Voracek.
13:10 of 1st period - Stopped by Tobias Stephan without a rebound.
13:11 of 1st period - Mathieu Perreault wins face-off versus Tyler Johnson in Staline zone.
14:20 of 1st period - Wrist shot by Oskar Osala.
14:20 of 1st period - Stopped by Tobias Stephan with a rebound.
15:27 of 1st period - Devin Setoguchi is hit by Oskar Osala and loses puck.
15:52 of 1st period - Slapshot by Jake Gardiner.
15:52 of 1st period - Deflect By Stephane Da Costa.
15:52 of 1st period - Stopped by Tobias Stephan with a rebound.
15:58 of 1st period - Andrei Loktionov is hit by Kyle Clifford and loses puck.
16:37 of 1st period - Snap shot by Brandon Bochenski.
16:37 of 1st period - Stopped by Tobias Stephan without a rebound.
16:38 of 1st period - Luke Adam wins face-off versus Andrei Loktionov in Staline zone.
16:39 of 1st period - Backhand shot by Brandon Bochenski.
16:39 of 1st period - Stopped by Tobias Stephan without a rebound.
16:40 of 1st period - Derek Stepan wins face-off versus Andrei Loktionov in Staline zone.
16:43 of 1st period - Snap shot by Derek Stepan.
16:43 of 1st period - Shot Misses the Net.
16:45 of 1st period - Snap shot by Derek Stepan.
16:45 of 1st period - Shot Blocked by Andrei Loktionov.
16:49 of 1st period - Snap shot by D.J King.
16:49 of 1st period - Shot Misses the Net.
16:51 of 1st period - Wrist shot by D.J King.
16:51 of 1st period - Stopped by Tobias Stephan with a rebound.
16:53 of 1st period - Slapshot by Matt Niskanen.
16:53 of 1st period - Shot Blocked by Torey Krug.
17:29 of 1st period - Wrist shot by Mathieu Perreault.
17:29 of 1st period - Stopped by Jonas Gustavsson without a rebound.
17:30 of 1st period - D.J King wins face-off versus Mathieu Perreault in Sasquatch zone.
17:30 of 1st period - D.J King is hit by Stu Bickel.
18:02 of 1st period - Wrist shot by Mathieu Perreault.
18:02 of 1st period - Shot Blocked by Cam Atkinson.
18:04 of 1st period - Slapshot by T.J. Fast.
18:04 of 1st period - Stopped by Jonas Gustavsson with a rebound.
18:27 of 1st period - Snap shot by Nick Spaling.
18:27 of 1st period - Stopped by Jonas Gustavsson without a rebound.
18:28 of 1st period - Yan Stastny wins face-off versus Derek Stepan in Sasquatch zone.
18:52 of 1st period - Minor Penalty to Brandon Prust for Holding.
18:53 of 1st period - Devin Setoguchi wins face-off versus Derek Stepan in Staline zone.
Goals for this period are 1 for Sasquatch vs 0 for Staline.
Shots for this period are 14 for Sasquatch vs 10 for Staline.

2nd period


0:01 of 2nd period - Devin Setoguchi wins face-off versus Derek Stepan in neutral zone.
0:04 of 2nd period - Wrist shot by Yan Stastny.
0:04 of 2nd period - Shot Misses the Net.
0:26 of 2nd period - Slapshot by Keith Yandle.
0:26 of 2nd period - Shot Misses the Net.
0:28 of 2nd period - Slapshot by Keith Yandle.
0:28 of 2nd period - Shot Blocked by Torey Krug.
0:30 of 2nd period - Slapshot by Keith Yandle.
0:30 of 2nd period - Shot Misses the Net.
0:36 of 2nd period - Wrist shot by T.J. Oshie.
0:36 of 2nd period - Goal by T.J. Oshie - Sasquatch : 2 - Staline : 0.
0:37 of 2nd period - Derek Stepan wins face-off versus Andrei Loktionov in neutral zone.
0:48 of 2nd period - Snap shot by Derek Stepan.
0:48 of 2nd period - Deflect By Stu Bickel.
0:48 of 2nd period - Stopped by Tobias Stephan without a rebound.
0:49 of 2nd period - Derek Stepan wins face-off versus Yan Stastny in Staline zone.
1:02 of 2nd period - Snap shot by Jakub Voracek.
1:02 of 2nd period - Stopped by Tobias Stephan without a rebound.
1:03 of 2nd period - Derek Stepan wins face-off versus Andrei Loktionov in Staline zone.
1:39 of 2nd period - Wrist shot by T.J. Oshie.
1:39 of 2nd period - Stopped by Tobias Stephan with a rebound.
1:53 of 2nd period - Snap shot by Stephane Da Costa.
1:53 of 2nd period - Stopped by Tobias Stephan with a rebound.
1:55 of 2nd period - Wrist shot by Cam Atkinson.
1:55 of 2nd period - Stopped by Tobias Stephan without a rebound.
1:56 of 2nd period - Andrei Loktionov wins face-off versus Derek Stepan in Staline zone.
1:56 of 2nd period - Andrei Loktionov is hit by Jakub Voracek.
2:04 of 2nd period - Jakub Voracek is hit by Stu Bickel and loses puck.
2:17 of 2nd period - Minor Penalty to T.J. Fast for Slashing.
2:18 of 2nd period - Devin Setoguchi wins face-off versus Derek Stepan in Staline zone.
2:18 of 2nd period - Devin Setoguchi is hit by Jake Gardiner.
3:01 of 2nd period - Off-side.
3:02 of 2nd period - Derek Stepan wins face-off versus Brandon Prust in neutral zone.
3:13 of 2nd period - Snap shot by Derek Stepan.
3:13 of 2nd period - Stopped by Tobias Stephan without a rebound.
3:14 of 2nd period - Derek Stepan wins face-off versus Devin Setoguchi in Staline zone.
4:11 of 2nd period - Wrist shot by T.J. Oshie.
4:11 of 2nd period - Shot Blocked by Tyler Cuma.
4:17 of 2nd period - Penalty to T.J. Fast is over, T.J. Fast is back on ice.
4:29 of 2nd period - Slapshot by Jake Gardiner.
4:29 of 2nd period - Deflect By Kyle Clifford.
4:29 of 2nd period - Shot Misses the Net.
4:29 of 2nd period - Puck is out of play.
4:30 of 2nd period - Andrei Loktionov wins face-off versus Tyler Johnson in Staline zone.
4:54 of 2nd period - Mason Raymond is hit by Tyler Johnson and loses puck.
5:03 of 2nd period - Snap shot by Mason Raymond.
5:03 of 2nd period - Deflect By Andrei Loktionov.
5:03 of 2nd period - Shot Misses the Net.
5:03 of 2nd period - Puck is out of play.
5:04 of 2nd period - Stephane Da Costa wins face-off versus Yan Stastny in Sasquatch zone.
5:09 of 2nd period - Keith Yandle is hit by Devin Setoguchi and loses puck.
5:30 of 2nd period - T.J. Fast is hit by Keith Yandle and loses puck.
5:37 of 2nd period - Wrist shot by D.J King.
5:37 of 2nd period - Stopped by Tobias Stephan with a rebound.
5:41 of 2nd period - Slapshot by Derek Stepan.
5:41 of 2nd period - Deflect By Jakub Voracek.
5:41 of 2nd period - Stopped by Tobias Stephan without a rebound.
5:42 of 2nd period - Oskar Osala wins face-off versus Yan Stastny in Staline zone.
5:48 of 2nd period - Minor Penalty to Brandon Prust for Slashing.
5:49 of 2nd period - Devin Setoguchi wins face-off versus Derek Stepan in Staline zone.
7:48 of 2nd period - Penalty to Brandon Prust is over, Brandon Prust is back on ice.
8:02 of 2nd period - James Sheppard is hit by Kyle Clifford and loses puck.
8:09 of 2nd period - Wrist shot by Stephane Da Costa.
8:09 of 2nd period - Stopped by Tobias Stephan without a rebound.
8:10 of 2nd period - Luke Adam wins face-off versus Mathieu Perreault in Staline zone.
8:25 of 2nd period - Matt Beleskey is hit by Nick Spaling and loses puck.
8:44 of 2nd period - Wrist shot by T.J. Fast.
8:44 of 2nd period - Deflect By Andrei Loktionov.
8:44 of 2nd period - Shot Misses the Net.
8:44 of 2nd period - Puck is out of play.
8:45 of 2nd period - Tyler Johnson wins face-off versus Yan Stastny in Sasquatch zone.
9:12 of 2nd period - D.J King is hit by Cam Janssen and loses puck.
9:19 of 2nd period - Wrist shot by Andrei Loktionov.
9:19 of 2nd period - Stopped by Jonas Gustavsson with a rebound.
9:37 of 2nd period - Snap shot by Brandon Bochenski.
9:37 of 2nd period - Shot Blocked by Cam Janssen.
9:39 of 2nd period - Wrist shot by Brandon Bochenski.
9:39 of 2nd period - Shot Blocked by Tyler Cuma.
9:41 of 2nd period - Snap shot by Nick Leddy.
9:41 of 2nd period - Deflect By Matt Beleskey.
9:41 of 2nd period - Shot Misses the Net.
9:41 of 2nd period - Puck is out of play.
9:42 of 2nd period - Yan Stastny wins face-off versus D.J King in Staline zone.
9:51 of 2nd period - Wrist shot by Devin Setoguchi.
9:51 of 2nd period - Shot Blocked by Nick Leddy.
9:53 of 2nd period - Snap shot by Yan Stastny.
9:53 of 2nd period - Stopped by Jonas Gustavsson with a rebound.
9:55 of 2nd period - Snap shot by Stu Bickel.
9:55 of 2nd period - Deflect By Devin Setoguchi.
9:55 of 2nd period - Stopped by Jonas Gustavsson without a rebound.
9:56 of 2nd period - Yan Stastny wins face-off versus Derek Stepan in Sasquatch zone.
10:05 of 2nd period - Slapshot by T.J. Fast.
10:05 of 2nd period - Deflect By Devin Setoguchi.
10:05 of 2nd period - Shot Misses the Net.
10:05 of 2nd period - Puck is out of play.
10:06 of 2nd period - Derek Stepan wins face-off versus Yan Stastny in Sasquatch zone.
10:19 of 2nd period - Snap shot by Yan Stastny.
10:19 of 2nd period - Deflect By Devin Setoguchi.
10:19 of 2nd period - Shot Blocked by Keith Yandle.
10:19 of 2nd period - Puck is out of play.
10:20 of 2nd period - Yan Stastny wins face-off versus Derek Stepan in Sasquatch zone.
10:23 of 2nd period - Wrist shot by Yan Stastny.
10:23 of 2nd period - Stopped by Jonas Gustavsson with a rebound.
11:08 of 2nd period - Slapshot by Jake Gardiner.
11:08 of 2nd period - Shot Blocked by Theo Peckham.
11:20 of 2nd period - Theo Peckham is hit by Kyle Clifford and loses puck.
11:39 of 2nd period - Wrist shot by Yan Stastny.
11:39 of 2nd period - Shot Blocked by Nick Leddy.
11:41 of 2nd period - Slapshot by Tyler Cuma.
11:41 of 2nd period - Shot Blocked by Luke Adam.
11:43 of 2nd period - Snap shot by Devin Setoguchi.
11:43 of 2nd period - Shot Blocked by Matt Niskanen.
12:31 of 2nd period - Minor Penalty to Cam Janssen for Tripping.
12:32 of 2nd period - Derek Stepan wins face-off versus Devin Setoguchi in Staline zone.
12:47 of 2nd period - Snap shot by Jakub Voracek.
12:47 of 2nd period - Shot Misses the Net.
12:57 of 2nd period - Stu Bickel is hit by Nick Leddy and loses puck.
14:22 of 2nd period - Tyler Johnson is hit by Mason Raymond and loses puck.
14:31 of 2nd period - Penalty to Cam Janssen is over, Cam Janssen is back on ice.
14:42 of 2nd period - Snap shot by Cam Janssen.
14:42 of 2nd period - Shot Misses the Net.
14:44 of 2nd period - Snap shot by Mason Raymond.
14:44 of 2nd period - Stopped by Jonas Gustavsson with a rebound.
16:47 of 2nd period - Snap shot by Brandon Prust.
16:47 of 2nd period - Goal by Brandon Prust - Sasquatch : 2 - Staline : 1.
16:48 of 2nd period - Brandon Prust wins face-off versus Derek Stepan in neutral zone.
16:55 of 2nd period - Wrist shot by Yan Stastny.
16:55 of 2nd period - Shot Blocked by Jakub Voracek.
16:57 of 2nd period - Slapshot by Stu Bickel.
16:57 of 2nd period - Deflect By Jakub Voracek.
16:57 of 2nd period - Stopped by Jonas Gustavsson without a rebound.
16:58 of 2nd period - Derek Stepan wins face-off versus Yan Stastny in Sasquatch zone.
17:02 of 2nd period - Off-side.
17:03 of 2nd period - Derek Stepan wins face-off versus Yan Stastny in neutral zone.
17:08 of 2nd period - Wrist shot by D.J King.
17:08 of 2nd period - Shot Hit the Post.
17:29 of 2nd period - Minor Penalty to Jake Gardiner for Tripping.
17:30 of 2nd period - Devin Setoguchi wins face-off versus Tyler Johnson in Sasquatch zone.
19:29 of 2nd period - Penalty to Jake Gardiner is over, Jake Gardiner is back on ice.
Goals for this period are 1 for Sasquatch vs 1 for Staline.
Shots for this period are 10 for Sasquatch vs 7 for Staline.

3rd period


0:01 of 3rd period - Derek Stepan wins face-off versus Yan Stastny in neutral zone.
0:06 of 3rd period - Wrist shot by Derek Stepan.
0:06 of 3rd period - Deflect By Jakub Voracek.
0:06 of 3rd period - Shot Misses the Net.
0:06 of 3rd period - Puck is out of play.
0:07 of 3rd period - Derek Stepan wins face-off versus Brandon Prust in Staline zone.
0:08 of 3rd period - Snap shot by D.J King.
0:08 of 3rd period - Stopped by Tobias Stephan with a rebound.
1:14 of 3rd period - Jakub Voracek is hit by T.J. Fast.
2:32 of 3rd period - Wrist shot by Jakub Voracek.
2:32 of 3rd period - Stopped by Tobias Stephan without a rebound.
2:33 of 3rd period - Yan Stastny wins face-off versus Derek Stepan in Staline zone.
2:37 of 3rd period - Off-side.
2:38 of 3rd period - Jakub Voracek wins face-off versus Yan Stastny in neutral zone.
2:41 of 3rd period - Tyler Cuma is hit by Jakub Voracek.
2:52 of 3rd period - Off-side.
2:53 of 3rd period - Tyler Johnson wins face-off versus Andrei Loktionov in neutral zone.
3:04 of 3rd period - Slapshot by Mason Raymond.
3:04 of 3rd period - Stopped by Jonas Gustavsson with a rebound.
3:26 of 3rd period - Wrist shot by Stephane Da Costa.
3:26 of 3rd period - Deflect By Cam Atkinson.
3:26 of 3rd period - Shot Blocked by T.J. Fast.
3:26 of 3rd period - Puck is out of play.
3:27 of 3rd period - Derek Stepan wins face-off versus Yan Stastny in Staline zone.
3:32 of 3rd period - Wrist shot by Derek Stepan.
3:32 of 3rd period - Shot Blocked by Tyler Cuma.
3:34 of 3rd period - Slapshot by Derek Stepan.
3:34 of 3rd period - Stopped by Tobias Stephan without a rebound.
3:35 of 3rd period - Derek Stepan wins face-off versus Yan Stastny in Staline zone.
3:40 of 3rd period - Snap shot by D.J King.
3:40 of 3rd period - Stopped by Tobias Stephan without a rebound.
3:41 of 3rd period - Derek Stepan wins face-off versus Yan Stastny in Staline zone.
3:42 of 3rd period - Snap shot by D.J King.
3:42 of 3rd period - Stopped by Tobias Stephan without a rebound.
3:43 of 3rd period - Derek Stepan wins face-off versus Yan Stastny in Staline zone.
3:54 of 3rd period - Wrist shot by Derek Stepan.
3:54 of 3rd period - Stopped by Tobias Stephan with a rebound.
3:56 of 3rd period - Minor Penalty to Brandon Prust for Roughing.
3:57 of 3rd period - Devin Setoguchi wins face-off versus Derek Stepan in Staline zone.
5:03 of 3rd period - Snap shot by Tyler Cuma.
5:03 of 3rd period - Stopped by Jonas Gustavsson without a rebound.
5:04 of 3rd period - Cam Janssen wins face-off versus Tyler Johnson in Sasquatch zone.
5:56 of 3rd period - Penalty to Brandon Prust is over, Brandon Prust is back on ice.
6:07 of 3rd period - Slapshot by Stephane Da Costa.
6:07 of 3rd period - Stopped by Tobias Stephan without a rebound.
6:08 of 3rd period - Stephane Da Costa wins face-off versus Zac Rinaldo in Staline zone.
6:09 of 3rd period - Wrist shot by Cam Atkinson.
6:09 of 3rd period - Goal by Cam Atkinson - Sasquatch : 3 - Staline : 1.
6:10 of 3rd period - Derek Stepan wins face-off versus Yan Stastny in neutral zone.
6:41 of 3rd period - Slapshot by Matt Niskanen.
6:41 of 3rd period - Stopped by Tobias Stephan without a rebound.
6:42 of 3rd period - Andrei Loktionov wins face-off versus Stephane Da Costa in Staline zone.
6:57 of 3rd period - Snap shot by Stephane Da Costa.
6:57 of 3rd period - Shot Blocked by Cam Janssen.
7:06 of 3rd period - Off-side.
7:07 of 3rd period - Derek Stepan wins face-off versus J.T. Wyman in neutral zone.
7:41 of 3rd period - Snap shot by Yan Stastny.
7:41 of 3rd period - Stopped by Jonas Gustavsson with a rebound.
8:03 of 3rd period - Snap shot by Stephane Da Costa.
8:03 of 3rd period - Stopped by Tobias Stephan with a rebound.
8:05 of 3rd period - Wrist shot by Kyle Clifford.
8:05 of 3rd period - Deflect By Mason Raymond.
8:05 of 3rd period - Shot Misses the Net.
8:05 of 3rd period - Puck is out of play.
8:06 of 3rd period - Andrei Loktionov wins face-off versus Derek Stepan in Staline zone.
8:11 of 3rd period - D.J King is hit by Andrei Loktionov and loses puck.
8:39 of 3rd period - Wrist shot by Yan Stastny.
8:39 of 3rd period - Deflect By Devin Setoguchi.
8:39 of 3rd period - Shot Misses the Net.
8:39 of 3rd period - Puck is out of play.
8:40 of 3rd period - Yan Stastny wins face-off versus Tyler Johnson in Sasquatch zone.
8:43 of 3rd period - Wrist shot by Yan Stastny.
8:43 of 3rd period - Stopped by Jonas Gustavsson with a rebound.
8:51 of 3rd period - Snap shot by Oskar Osala.
8:51 of 3rd period - Stopped by Tobias Stephan without a rebound.
8:52 of 3rd period - Derek Stepan wins face-off versus Yan Stastny in Staline zone.
8:56 of 3rd period - Minor Penalty to Brandon Prust for Hooking.
8:57 of 3rd period - Devin Setoguchi wins face-off versus Derek Stepan in Staline zone.
10:56 of 3rd period - Penalty to Brandon Prust is over, Brandon Prust is back on ice.
11:08 of 3rd period - Yan Stastny is hit by Kyle Clifford and loses puck.
12:41 of 3rd period - Brandon Bochenski is hit by T.J. Fast and loses puck.
13:02 of 3rd period - Nick Leddy is hit by J.T. Wyman.
14:01 of 3rd period - Slapshot by Tyler Cuma.
14:01 of 3rd period - Shot Blocked by Joe Corvo.
14:03 of 3rd period - Slapshot by Tyler Cuma.
14:03 of 3rd period - Shot Misses the Net.
14:05 of 3rd period - Slapshot by Zac Rinaldo.
14:05 of 3rd period - Shot Misses the Net.
14:30 of 3rd period - Derek Stepan is hit by Yan Stastny and loses puck.
14:46 of 3rd period - Brandon Bochenski is hit by Greg Pateryn and loses puck.
14:57 of 3rd period - Jake Gardiner is hit by Greg Pateryn and loses puck.
15:28 of 3rd period - Brandon Prust is hit by Stephane Da Costa.
16:54 of 3rd period - Tyler Cuma is hit by Stephane Da Costa and loses puck.
17:07 of 3rd period - Zac Rinaldo is hit by Matt Niskanen.
17:12 of 3rd period - Minor Penalty to Greg Pateryn for Hooking.
17:13 of 3rd period - Derek Stepan wins face-off versus Devin Setoguchi in Staline zone.
17:26 of 3rd period - Yan Stastny is hit by Jakub Voracek.
18:29 of 3rd period - Snap shot by Brandon Prust.
18:29 of 3rd period - Stopped by Jonas Gustavsson with a rebound.
19:12 of 3rd period - Penalty to Greg Pateryn is over, Greg Pateryn is back on ice.
19:21 of 3rd period - Snap shot by Stephane Da Costa.
19:21 of 3rd period - Stopped by Tobias Stephan with a rebound.
19:23 of 3rd period - Snap shot by Kyle Clifford.
19:23 of 3rd period - Stopped by Tobias Stephan with a rebound.
19:25 of 3rd period - Snap shot by Stephane Da Costa.
19:25 of 3rd period - Goal by Stephane Da Costa - Sasquatch : 4 - Staline : 1.
19:26 of 3rd period - Cam Janssen wins face-off versus Tyler Johnson in neutral zone.
19:31 of 3rd period - Snap shot by Cam Janssen.
19:31 of 3rd period - Stopped by Jonas Gustavsson without a rebound.
19:32 of 3rd period - Tyler Johnson wins face-off versus Andrei Loktionov in Sasquatch zone.
19:39 of 3rd period - Slapshot by Andrei Loktionov.
19:39 of 3rd period - Stopped by Jonas Gustavsson with a rebound.
19:41 of 3rd period - Snap shot by Cam Janssen.
19:41 of 3rd period - Stopped by Jonas Gustavsson without a rebound.
19:42 of 3rd period - Derek Stepan wins face-off versus Yan Stastny in Sasquatch zone.
19:42 of 3rd period - Derek Stepan is hit by T.J. Fast.
19:45 of 3rd period - Minor Penalty to Derek Stepan for Interference.
19:46 of 3rd period - Yan Stastny wins face-off versus Tyler Johnson in Sasquatch zone.
19:48 of 3rd period - Snap shot by Brandon Prust.
19:48 of 3rd period - Shot Blocked by Jake Gardiner.
19:50 of 3rd period - Slapshot by Devin Setoguchi.
19:50 of 3rd period - Stopped by Jonas Gustavsson with a rebound.
19:54 of 3rd period - Slapshot by Yan Stastny.
19:54 of 3rd period - Shot Misses the Net.
19:56 of 3rd period - Snap shot by Devin Setoguchi.
19:56 of 3rd period - Shot Misses the Net.
19:58 of 3rd period - Wrist shot by Devin Setoguchi.
19:58 of 3rd period - Shot Misses the Net.
Goals for this period are 2 for Sasquatch vs 0 for Staline.
Shots for this period are 14 for Sasquatch vs 9 for Staline.


Output by the SimonT Hockey Simulator (STHS) for François Prévost -- Original Page W3C XHTML 1.0 Valid
Hockey Simulator - Hockey Simulation - Hockey Manager